 Dungeon Crawl Stone Soup version 0.28-a0-1624-g820543e53a (webtiles) character file.

Game seed: 8300527821266648349

38 jlumianski the Firebug (level 3, -3/26 HPs)
             Began as a Hill Orc Fire Elementalist on Jan 24, 2022.
             Slain by a gnoll (7 damage)
             ... on level 3 of the Dungeon.
             The game lasted 00:06:54 (966 turns).

jlumianski the Firebug (Hill Orc Fire Elementalist)  Turns: 966, Time: 00:06:57

Health: -3/26      AC:  3    Str: 12    XL:     3   Next: 43%
Magic:  3/5        EV: 11    Int: 15    God:
Gold:   69         SH:  0    Dex: 11    Spells: 2/5 levels left

rFire   . . .      SeeInvis .   l - +2 whip (elec)
rCold   . . .      Faith    .   (no shield)
rNeg    . . .      Spirit   .   m - +0 leather armour
rPois   .          Reflect  .   (no helmet)
rElec   .          Harm     .   (no cloak)
rCorr   .          Rampage  .   (no gloves)
Will    .....                   (no boots)
Stlth   ++........              (no amulet)
HPRegen 0.08/turn               (no ring)
MPRegen 0.09/turn               (no ring)

@: no status effects
A: no striking features
a: no special abilities


You were on level 3 of the Dungeon.
You visited 1 branch of the dungeon, and saw 3 of its levels.

You collected 69 gold pieces.

Inventory:

Hand Weapons
 b - a +0 short sword
 c - a +0 whip of freezing
 l - a +2 whip of electrocution (weapon)
Missiles
 f - 37 stones
 h - 18 bolts
 j - 13 arrows
Armour
 a - a +0 robe
 g - a +0 chain mail
 m - a +0 leather armour (worn)
Scrolls
 d - a scroll of enchant weapon {unknown}
 i - a scroll of identify {unknown}
Potions
 e - a potion of mutation {unknown}
 k - a potion of curing {unknown}


   Skills:
 + Level 0.2 Fighting
 + Level 0.3 Short Blades
 + Level 1.7 Dodging
 + Level 1.9 Stealth
 + Level 1.7 Spellcasting
 + Level 1.6 Conjurations
 + Level 4.0 Fire Magic


You had 2 spell levels left.
You knew the following spells:

 Your Spells              Type           Power      Damage    Failure   Level
a - Foxfire               Conj/Fire      36%        2x1d5     9%          1
b - Scorch                Fire           26%        2d6       9%          2

Your spell library contained the following spells:

 Spells                   Type           Power      Damage    Failure   Level
 Conjure Flame            Conj/Fire      9%         6-21      26%         3
 Inner Flame              Hex/Fire       7%         N/A       36%         3
 Flame Wave               Conj/Fire      9%         2d5       65%         4


Dungeon Overview and Level Annotations

Branches:
Dungeon (3/15)

Altars:
Hepliaklqana


Message History

There is an open door here.
Found a stone staircase leading down.
A gnoll comes into view. It is wielding a +0 club.
Casting: Foxfire (safe; 9% risk of failure)
Confirm with . or Enter, or press ? or * to list all spells.
You conjure some foxfire!
The gnoll shouts!
The foxfire hits the gnoll.
The gnoll is lightly wounded.
A gnoll comes into view. It is wielding a +0 spear.
A gnoll comes into view. It is wielding a +0 flail.
A kobold comes into view. It is wielding a +0 short sword.
The foxfire hits the gnoll.
The gnoll is heavily wounded.
There is an open door here.
The kobold shouts!
You hear a shout!
Casting: Foxfire (safe; 9% risk of failure)
Confirm with . or Enter, or press ? or * to list all spells.
You conjure some foxfire!
The gnoll hits you with a +0 club.
The foxfire hits the gnoll but does no damage.
The gnoll is heavily wounded.
You barely miss the gnoll.
The gnoll is heavily wounded.
The gnoll completely misses you.
You closely miss the gnoll.
The gnoll is heavily wounded.
The gnoll hits you with a +0 club. The gnoll barely misses you.
You hit the gnoll.
The gnoll is almost dead.
The gnoll hits you from afar with a +0 spear.
The gnoll hits you with a +0 club.
* * * LOW HITPOINT WARNING * * *
Casting: Foxfire (safe; 9% risk of failure)
Confirm with . or Enter, or press ? or * to list all spells.
You conjure some foxfire!
The gnoll hits you from afar with a +0 spear.
* * * LOW HITPOINT WARNING * * *
The gnoll hits you with a +0 club!
You die...

###+ #..# #..# ##.
+..+###+### +..#
#..#.+...+. ...
######..#.#...#. #..
#..K.g##'.#._.#.+##+ ..
#....#gv#.#...#.#..# #.
#.####@.#.'...+.#..###.
.... +v.+###'###'..'...
###g#K
#..#.......#..##..
#.####..#.......#..###<


#gg ###+###+###+###... #.. ###. ### #. #. #. You could see 2 gnolls.

Vanquished Creatures
  7 endoplasms
  A giant cockroach (D:3)
  5 goblins (D:1)
  2 hobgoblins (D:1)
  8 kobolds (D:1)
  3 quokkas
  4 ball pythons
  A bat (D:3)
  2 frilled lizards (D:1)
  2 rats (D:1)
35 creatures vanquished.

Vanquished Creatures (others)
  75 foxfires
75 creatures vanquished.

Grand Total: 110 creatures vanquished

Notes
Turn   | Place    | Note
-------+----------+-------------------------------------------
     0 | D:1      | jlumianski the Hill Orc Fire Elementalist began the quest
                  | for the Orb.
     0 | D:1      | Reached XP level 1. HP: 14/14 MP: 3/3
   105 | D:1      | Reached XP level 2. HP: 20/20 MP: 1/4
   141 | D:1      | Found a faded altar of an unknown god.
   316 | D:1      | Learned a level 2 spell: Scorch
   491 | D:1      | Reached XP level 3. HP: 26/26 MP: 1/5
   886 | D:3      | Reached skill level 4 in Fire Magic
   899 | D:3      | Found a hazy altar of Hepliaklqana.
   966 | D:3      | Slain by a gnoll

Illustrated notes

Levels and vault maps discovered:
D:1:      ncdulo_halloftheorcs, layout_rooms, ebering_ecumenical_altar_rust,
          chequers_serial_rivers_room_b, chequers_serial_rivers_marsh,
          minmay_heptomino_d4
D:2:      layout_basic, st_stairs_3, minmay_fractal_squares_5
D:3:      layout_loops_cross, mainiacjoe_overflow_24_doors

Skill      XL: |  1  2  3 |
---------------+----------+-----
Fire Magic     | 4 |  4.0
Fighting       | |  0.2
Short Blades   | |  0.3
Dodging        | |  1.7
Stealth        | |  1.9
Spellcasting   | |  1.7
Conjurations   | |  1.6

Action                   || total
-------------------------++-------
Melee: Short sword       ||     3
       Whip              ||    18
 Cast: Foxfire           ||    45
Armor: Robe              ||     3
       Leather armour    ||     2
Dodge: Dodged            ||    14

Table legend: (Time is in decaauts)
 A = Elapsed time spent in this place.
 B = Non-inter-level travel time spent in this place.
 C = Inter-level travel time spent in this place.
 D = Time resting spent in this place.
 E = Time spent auto-exploring this place.
 F = Levels seen in this place.
 G = Mean time per level.
                   A        B        C        D        E       F      G
               +--------+--------+--------+--------+--------+-----+--------+
         Total |    969 |    969 |      0 |     21 |    479 |   3 |  323.0 |
       Dungeon |    969 |    969 |      0 |     21 |    479 |   3 |  323.0 |
               +--------+--------+--------+--------+--------+-----+--------+

Top non-repeatable levels by time:
     D:1: 754 daAuts
     D:2: 116 daAuts
     D:3: 97 daAuts
